 Dungeon Crawl Stone Soup version 0.31-a0-963-ga325b2283a (webtiles) character file.

Game seed: 11276686688467062397

355 Arcadio the Digger (level 6, -7/45 HPs)
             Began as a Ghoul Earth Elementalist on Oct 24, 2023.
             Was an Initiate of Yredelemnul.
             Killed by divine providence
             ... invoked by an orc priest
              (13 damage)
             ... on level 3 of the Dungeon.
             The game lasted 00:07:15 (2171 turns).

Arcadio the Digger (Ghoul Earth Elementalist)       Turns: 2171, Time: 00:07:16

Health: -7/45      AC:  3    Str: 12    XL:     6   Next: 63%
Magic:  6/10       EV: 12    Int: 12    God:    Yredelemnul [......]
Gold:   111        SH:  0    Dex:  9    Spells: 6/12 levels left

rFire   . . .        f - +0 whip
rCold   + . .        (no shield)
rNeg    + + +        a - +0 robe
rPois   ∞            (no helmet)
rElec   .            l - +0 cloak
rCorr   .            (no gloves)
SInv    .            (no boots)
Will    .....        j - amulet of regeneration
Stlth   ++           (no ring)
HPRegen 0.00/turn    (no ring)
MPRegen 0.12/turn

%: no passive effects
@: inhibited regen
A: claws 1, cold resistance 1, negative energy resistance 3, inhibited
regeneration, torment resistance 2, devour on kill
a: Renounce Religion, Recall Undead Harvest


You were on level 3 of the Dungeon.
You worshipped Yredelemnul.
Yredelemnul was noncommittal.
You visited 1 branch of the dungeon, and saw 4 of its levels.

You collected 111 gold pieces.

Inventory:

Hand Weapons
 d - a +0 short sword
 f - a +0 whip (weapon)
Missiles
 i - 6 poisoned darts (quivered)
Armour
 a - a +0 robe (worn)
 l - a +0 cloak (worn)
Jewellery
 j - an amulet of regeneration (around neck)
Wands
 n - a wand of roots (7)
Scrolls
 e - a scroll of fear {unknown}
 h - a scroll of identify {unknown}
 k - a scroll of fog {unknown}
Potions
 b - a potion of magic
 c - a potion of attraction {unknown}
 g - a potion of enlightenment {unknown}
 m - a potion of curing {unknown}


   Skills:
 + Level 3.9 Dodging
 - Level 2.1 Stealth
 + Level 3.5 Spellcasting
 - Level 0.8 Transmutations
 + Level 5.2 Earth Magic


You had 6 spell levels left.
You knew the following spells:

 Your Spells              Type           Power      Damage    Failure   Level
a - Sandblast             Erth           28%        2d8       2%          1
b - Passwall              Tmut/Erth      7%         N/A       10%         2
c - Stone Arrow           Conj/Erth      16%        3d8       24%         3

Your spell library contained the following spells:

 Spells                   Type           Power      Damage    Failure   Level
 Petrify                  Tmut/Erth      9%         N/A       54%         4
 Brom's Barrelling Bould  Conj/Erth      8%         2d3       61%         4
 Vhi's Electric Charge    Tloc/Air       4%         N/A       93%         4
 Arcjolt                  Conj/Air       1%         1d11      100%        5
 Maxwell's Capacitive Co  Air            1%         ∞         100%        8


Dungeon Overview and Level Annotations

Branches:
Dungeon (4/15) Zot: 21779
 Temple: D:4-7

Altars:
Wu Jian
Yredelemnul

Annotations:
D:3 1 runed translucent door, Crazy Yiuf


Innate Abilities, Weirdness & Mutations

You are immune to poison.
You have sharp fingernails.
Your flesh is cold resistant. (rC+)
You are immune to negative energy. (rN+++)
You do not regenerate when monsters are visible.
You are immune to unholy pain and torment.
You thrive by killing the living.


Message History

* * * LOW HITPOINT WARNING * * *
Casting: Sandblast (safe; 2% risk of failure)
Confirm with . or Enter, or press ? or * to list all spells.
Aiming: Sandblast (safe; 2% risk of failure)
Press: ? - help, Shift-Dir - straight line, f - orc
Aim: an orc, wielding a +0 short sword and wearing a +0 leather armour (moderately wounded, 82% to hit)
The blast of sand hits the orc.
You kill the orc!
The dead are walking!
Casting: Sandblast (safe; 2% risk of failure)
Confirm with . or Enter, or press ? or * to list all spells.
Aiming: Sandblast (safe; 2% risk of failure)
Press: ? - help, Shift-Dir - straight line, f - orc priest
Aim: an orc priest, wielding a +0 flail and wearing a +0 ring mail (ally target, 84% to hit)
The blast of sand hits the orc priest but does no damage.
Casting: Sandblast (safe; 2% risk of failure)
Confirm with . or Enter, or press ? or * to list all spells.
Aiming: Sandblast (safe; 2% risk of failure)
Press: ? - help, Shift-Dir - straight line, f/p - orc priest
Aim: an orc priest, wielding a +0 flail and wearing a +0 ring mail (ally target, 84% to hit)
The blast of sand hits the orc priest!
The orc priest is severely wounded.
The orc priest miscasts a cantrip.
The orc barely misses you.
The orc hits your orc zombie with a +0 hand axe.
Your orc zombie hits the orc.
Okay, then.
The orc priest casts a cantrip, but nothing happens.
Casting: Sandblast (safe; 2% risk of failure)
Confirm with . or Enter, or press ? or * to list all spells.
Aiming: Sandblast (safe; 2% risk of failure)
Press: ? - help, Shift-Dir - straight line, f/p - orc priest
Aim: an orc priest, wielding a +0 flail and wearing a +0 ring mail (severely wounded, 84% to hit)
The blast of sand hits the orc priest.
The orc priest is almost dead.
The orc hits something with a +0 hand axe!
The orc priest mumbles some strange prayers to Beogh against you.
Beogh smites you!
You die...
You join the legions of the undead harvest.

..........................#
.....#.#..................#
......_...................##
.....#.#)..................#
.........[##...............#
..........##..)....##......#
..........##.......####....#
......Z...##.....oo## #....#
......Z...######@#).# #....#
.........## #..#.Z########
.........# #.###..#######
.........## #.##.........#
..........# #.##..>......#
.....####.# #.##.........#
.....# #.# #.##....<....#
....Z# ### ##########...#
..>..# #...#


You could see an orc priest and an orc.

Vanquished Creatures
  Grinder (D:3)
  A jelly (D:3)
  Natasha (twice) (D:2)
  2 adders (D:3)
  An orc (D:3)
  6 bats
  7 endoplasms
  A giant cockroach (D:3)
  5 hobgoblins
  10 kobolds
  4 quokkas
  6 ball pythons (D:1)
  4 frilled lizards
  4 goblins
  12 rats
66 creatures vanquished.

Vanquished Creatures (others)
  An adder zombie (D:3)
  An endoplasm zombie (D:3)
  A kobold zombie (D:3)
  An orc zombie (D:3)
  A quokka zombie (D:3)
5 creatures vanquished.

Grand Total: 71 creatures vanquished

Notes
Turn   | Place    | Note
-------+----------+-------------------------------------------
     0 | D:1      | Arcadio the Ghoul Earth Elementalist began the quest for
                  | the Orb.
     0 | D:1      | Reached XP level 1. HP: 14/14 MP: 2/2
   136 | D:1      | Reached XP level 2. HP: 11/20 MP: 2/4
   181 | D:1      | Learned a level 2 spell: Passwall
   415 | D:1      | Reached XP level 3. HP: 6/26 MP: 0/5
  1067 | D:2      | Noticed Natasha
  1078 | D:1      | Learned a level 3 spell: Stone Arrow
  1088 | D:2      | Killed Natasha
  1089 | D:2      | Reached skill level 4 in Earth Magic
  1089 | D:2      | Reached XP level 4. HP: 25/33 MP: 3/6
  1113 | D:2      | Noticed Natasha
  1239 | D:2      | Killed Natasha
  1409 | D:2      | You fall into a shaft and drop 1 floor!
  1444 | D:3      | Found an ornate altar of the Wu Jian Council.
  1447 | D:3      | Found a basalt altar of Yredelemnul.
  1542 | D:3      | Reached XP level 5. HP: 38/38 MP: 4/8
  1550 | D:3      | Became a worshipper of Yredelemnul the Dark
  1623 | D:3      | Reached * piety under Yredelemnul
  1763 | D:3      | Noticed Grinder
  1791 | D:3      | Paralysed by Grinder for 2 turns
  1811 | D:3      | Killed Grinder
  1812 | D:3      | Reached skill level 5 in Earth Magic
  1812 | D:3      | Reached XP level 6. HP: 24/45 MP: 0/10
  2019 | D:3      | Found a runed translucent door.
  2020 | D:3      | Noticed Crazy Yiuf
  2171 | D:3      | Killed from afar by an orc priest

Illustrated notes

Levels and vault maps discovered:
D:1:      elethiomel_arrival_diamonds, layout_basic, minmay_tree_intersection
D:2:      layout_rooms, minmay_stone_trees_small, uniq_natasha
D:3:      layout_rooms, mainiacjoe_overflow_concentric_impassable,
          mainiacjoe_overflow_tiny_flanked, lemuel_crystal_altar,
          corexii_corridor_pit, uniq_crazy_yiuf_cottage, uniq_grinder
D:4:      layout_rooms, serial_bayou, serial_bayou_lake_a, serial_bayou_pond_e,
          serial_bayou_ford_a, serial_bayou_pond_c, serial_bayou_shore_b,
          serial_bayou_shore_b

Skill      XL: |  1  2  3  4  5 |
---------------+----------------+-----
Dodging        | 2 3 |  3.9
Spellcasting   | 2 3 |  3.5
Earth Magic    | 4 5 |  5.2
Stealth        | |  2.1
Transmutations | |  0.8

Action                     |  1- 3 |  4- 6 || total
---------------------------+-------+-------++-------
  Melee: Unarmed           |    23 |       ||    23
         Whip              |    60 |    47 ||   107
         Punch             |     1 |     1 ||     2
  Throw: Dart              |     4 |     1 ||     5
   Cast: Sandblast         |    41 |    33 ||    74
         Stone Arrow       |       |     2 ||     2
   Stab: Sleeping          |     2 |       ||     2
 Armour: Robe              |    51 |    36 ||    87
  Dodge: Dodged            |    72 |    50 ||   122

Table legend: (Time is in decaauts)
 A = Elapsed time spent in this place.
 B = Non-inter-level travel time spent in this place.
 C = Inter-level travel time spent in this place.
 D = Time resting spent in this place.
 E = Time spent auto-exploring this place.
 F = Levels seen in this place.
 G = Mean time per level.
                   A        B        C        D        E       F      G
               +--------+--------+--------+--------+--------+-----+--------+
         Total |   2219 |   2159 |     60 |    108 |   1441 |   4 |  554.8 |
       Dungeon |   2219 |   2159 |     60 |    108 |   1441 |   4 |  554.8 |
               +--------+--------+--------+--------+--------+-----+--------+

Top non-repeatable levels by time:
     D:1: 1070 daAuts
     D:3: 777 daAuts
     D:2: 369 daAuts
     D:4: 1 daAuts
